 Dungeon Crawl Stone Soup version 0.19.5 (webtiles) character file.

401 spiff the Magician (level 6, -1/44 HPs)
             Began as a Mummy Wizard on Apr 5, 2017.
             Slain by a spectral kobold (3 damage)
             ... in an ossuary.
             The game lasted 00:13:56 (4296 turns).

spiff the Magician (Mummy Wizard)                   Turns: 4296, Time: 00:13:57

Health: -1/44      AC:  3    Str: 10    XL:     6   Next: 54%
Magic:  21/21      EV: 12    Int: 19    God:
Gold:   175        SH:  0    Dex: 11    Spells: 4 memorised, 4 levels left

rFire  x . .     SeeInvis .     i - +0 short sword
rCold  + . .     Gourm    .     a - +0 robe
rNeg   + + +     Faith    .     (no shield)
rPois  ∞         Spirit   .     b - +0 hat
rElec  .         Reflect  .     m - +0 cloak (curse)
rCorr  .         Harm     .     (no gloves)
MR     .....     Rnd*Tele +     (no boots)
Stlth  ++........               (no amulet)
                                l - ring of teleportation (curse)
                                d - ring of magical power

@: no status effects
A: no food or potions, fire vulnerability, cold resistance 1, negative energy
resistance 3, torment resistance, unbreathing
a: no special abilities


You were in an ossuary.
You were not hungry.

You visited 1 branch of the dungeon, and saw 4 of its levels.
You also visited: Ossuary.

You collected 175 gold pieces.

Inventory:

Hand Weapons
 i - a +0 short sword (weapon)
Armour
 a - a +0 robe (worn)
 b - a +0 hat (worn)
 h - a +0 cloak
 m - a cursed +0 cloak (worn)
Jewellery
 d - a ring of magical power (left hand)
 f - an uncursed ring of see invisible
 k - a +2 ring of intelligence
 l - a cursed ring of teleportation (right hand)
Scrolls
 e - a scroll of amnesia
 g - 3 scrolls of identify
 j - a scroll of enchant weapon
Books
 c - a book of Minor Magic

   Spells                             Type                      Level
   a - Magic Dart                     Conjuration                  1
   b - Blink                          Translocation                2
   c - Call Imp                       Summoning                    2
   d - Repel Missiles                 Charms/Air                   2
   e - Slow                           Hexes                        2
   f - Conjure Flame                  Conjuration/Fire             3
   g - Mephitic Cloud                 Conjuration/Poison/Air       3


   Skills:
 + Level 2.0 Fighting
 + Level 2.4 Dodging
 - Level 1.5 Stealth
 - Level 4.0 Spellcasting
 + Level 2.9 Conjurations
   Level 0.7 Summonings
 - Level 0.7 Translocations
 + Level 1.9 Air Magic
 + Level 1.7 Poison Magic


You had 4 spell levels left.
You knew the following spells:

 Your Spells              Type           Power        Failure   Level  Hunger
a - Magic Dart            Conj           ###.         6%          1    N/A
b - Mephitic Cloud        Conj/Pois/Air  ##......     17%         3    N/A
c - Conjure Flame         Conj/Fire      #.......     28%         3    N/A
d - Blink                 Tloc           N/A          17%         2    N/A

Dungeon Overview and Level Annotations

Branches:
Dungeon (4/15)
 Temple: D:4-7

Altars:

Annotations:
D:3 Grinder


Innate Abilities, Weirdness & Mutations

You do not eat or drink.
Your flesh is vulnerable to fire.
You are immune to poison.
Your flesh is cold resistant. (rC+)
You are immune to negative energy. (rN+++)
You are immune to unholy pain and torment.
You can survive without breathing.


Message History

You closely miss the spectral bat.
The spectral bat hits you but does no damage.
The spectral bat hits you.
* * * LOW HITPOINT WARNING * * *
The spectral bat hits you but does no damage.
The spectral bat closely misses you. x2
The spectral bat hits you but does no damage.
The spectral rat barely misses you. The spectral bat barely misses you.
The spectral bat completely misses you. The spectral bat misses you.
The spectral kobold closely misses you.
The spectral bat hits you but does no damage.
The spectral rat bites you but does no damage.
The spectral bat closely misses you.
You hit the spectral bat but do no damage.
The spectral bat completely misses you. The spectral bat barely misses you.
The spectral bat hits you but does no damage. x2
The spectral bat barely misses you. x2
The spectral bat hits you but does no damage. x2
The spectral kobold hits you.
You die...

#######
#.# #..#
#...##
#....##
#.....##
#..ZZZ.+


#.ZZZZ# #.ZZ@# #..Z## #..# #.# #+ You could see 6 spectral bats, a spectral rat,
a spectral goblin and 2 spectral kobolds.

Vanquished Creatures
  An ogre (D:4)
  A hound (D:4)
  A centaur skeleton (D:4)
  3 worker ants (D:4)
  4 gnolls (D:2)
  4 adders
  4 oozes
  5 worms
  2 dart slugs
  5 leopard geckos
  2 orcs
  2 spectral bats (Ossuary)
  5 giant cockroaches
  3 goblins
  8 hobgoblins
  5 jackals
  4 quokkas
  3 ball pythons
  5 bats
  A frilled lizard (D:1)
  2 hobgoblin zombies (Ossuary)
  5 kobolds
  9 rats
  2 spectral goblins (Ossuary)
86 creatures vanquished.

Notes
Turn   | Place    | Note
-------+----------+-------------------------------------------
     0 | D:1      | spiff the Mummy Wizard began the quest for the Orb.
     0 | D:1      | Reached XP level 1. HP: 13/13 MP: 4/4
   290 | D:1      | Reached skill level 1 in Conjurations
   609 | D:1      | Reached XP level 2. HP: 16/19 MP: 6/6
  1211 | D:2      | Reached XP level 3. HP: 24/24 MP: 8/8
  1230 | D:2      | Learned a level 3 spell: Mephitic Cloud
  1318 | D:2      | Learned a level 3 spell: Conjure Flame
  1325 | D:2      | Learned a level 2 spell: Blink
  1794 | D:2      | Reached XP level 4. HP: 30/30 MP: 9/9
  2116 | D:2      | Reached skill level 1 in Poison Magic
  2127 | D:2      | Reached skill level 4 in Spellcasting
  2590 | D:3      | Reached XP level 5. HP: 35/35 MP: 11/11
  2666 | D:3      | Noticed Grinder
  2673 | D:3      | Paralysed by Grinder for 7 turns
  2745 | D:2      | Reached skill level 1 in Air Magic
  3708 | D:4      | Reached skill level 1 in Fighting
  3721 | D:4      | Noticed an ogre
  3745 | D:4      | Killed an ogre
  3745 | D:4      | Reached XP level 6. HP: 25/43 MP: 0/12
  4182 | D:4      | Found a sand-covered staircase.
  4205 | Ossuary  | Entered an ossuary
  4295 | Ossuary  | HP: 2/44 [spectral bat (1)]
  4296 | Ossuary  | Slain by a spectral kobold

Skill      XL: |  1  2  3  4  5  6 |
---------------+-------------------+-----
Conjurations   | 1 2 |  2.9
Poison Magic   | 1 |  1.7
Spellcasting   | 4 |  4.0
Air Magic      | 1 |  1.9
Dodging        | 2 |  2.4
Fighting       | 1 2 |  2.0
Stealth        | |  1.5
Summonings     | |  0.7
Translocations | |  0.7

Action                   |  1- 3 |  4- 6 || total
-------------------------+-------+-------++-------
Melee: Unarmed           |    11 |       ||    11
       Short sword       |       |    78 ||    78
 Cast: Magic Dart        |   115 |   180 ||   295
       Mephitic Cloud    |       |    14 ||    14
       Conjure Flame     |       |     2 ||     2
  Use: Scroll            |       |     5 ||     5
 Stab: Confused          |       |     2 ||     2
       Sleeping          |       |     1 ||     1
Armor: Robe              |    13 |   145 ||   158
Dodge: Dodged            |    36 |   236 ||   272
